Map: Triton LE

Players

MarineLorD - Winner!

  • Race: Terran Terran
  • League: Master
  • Spawn Location: 5:00

BlyOnFire (Bly)

  • Race: Zerg Zerg
  • League: Grandmaster
  • Spawn Location: 11:00

Event: HomeStory Cup XX

VOD

Have the link to the VOD?

Description

Time

  • Played on: Nov. 22, 2019, 3:35 p.m.
  • Length: 12:55

All games in this series

Show
View Real Time Build Order
Export as new Build Order

MarineLorD Terran - Winner!

Build Orders: Reaper Expand 

Get SALT Encoding   

  12  0:00  SCV  
  13  0:12  SCV  
  14  0:17  Supply Depot  
  14  0:24  SCV  
  15  0:38  SCV  
  15  0:39  Barracks  
  16  0:43  Refinery  
  16  0:50  SCV  
  17  1:02  SCV  
  18  1:15  SCV  
  19  1:26  Reaper  
  19  1:27  Orbital Command  
  20  1:39  Command Center  
  20  1:51  Supply Depot  
  20  1:52  SCV  
  21  1:57  Marine  
  22  2:04  SCV  
  23  2:15  Marine, Factory  
  23  2:16  SCV  
  25  2:28  Refinery, SCV  
  26  2:33  Barracks Reactor  
  26  2:40  SCV  
  27  2:51  Orbital Command  
  27  2:52  SCV  
  28  3:05  Starport, SCV  
  28  3:15  Hellion x2  
  28  3:17  SCV x2  
  34  3:22  Marine  
  35  3:29  SCV x2  
  35  3:30  Supply Depot  
  37  3:38  Hellion x2  
  37  3:41  Medivac, SCV x2  
  42  3:47  Supply Depot  
  45  3:50  Marine  
  45  3:53  Supply Depot, SCV  
  47  3:56  SCV  
  48  4:05  Liberator, SCV  
  48  4:08  SCV  
  52  4:16  Bunker  
  50  4:17  SCV  
  50  4:20  Factory Tech Lab, SCV  
  50  4:21  Marine x2  
  57  4:28  Command Center  
  57  4:29  SCV  
  58  4:32  SCV  
  59  4:39  Marine x2  
  59  4:41  SCV  
  59  4:44  Siege Tank, SCV  
  66  4:49  Supply Depot  
  66  4:53  SCV  
  66  4:56  SCV  
  68  5:06  SCV  
  69  5:08  SCV  
  69  5:09  Engineering Bay x2, Barracks  
  69  5:10  Refinery x2, Barracks  
  69  5:16  Siege Tank  
  69  5:18  SCV  
  69  5:21  SCV  
  67  5:30  SCV  
  67  5:31  Marine  
  67  5:33  SCV  
  70  5:41  Orbital Command  
  70  5:42  SCV  
  71  5:45  SCV  
  71  5:47  Marine  
  71  5:49  Marine  
  74  5:54  SCV  
  75  5:57  SCV  
  71  6:04  Marine x2  
  71  6:06  SCV  
  71  6:09  SCV  
  74  6:12  Siege Tank  
  81  6:18  SCV  
  81  6:21  SCV  
  81  6:22  Marine x2  
  81  6:23  Barracks Tech Lab x2  
  83  6:29  Terran Infantry Weapons Level 1  
  83  6:30  Supply Depot, SCV, Terran Infantry Armor Level 1  
  84  6:33  Starport Reactor, SCV  
  82  6:42  SCV  
  82  6:44  Siege Tank  
  82  6:45  Marine, SCV  
  82  6:46  Marine x2, Stimpack  
  90  6:50  Combat Shield  
  90  6:54  SCV  
  90  6:56  Orbital Command  
  90  6:57  SCV  
  92  7:05  Marine x4  
  92  7:07  SCV  
  97  7:08  Supply Depot, Barracks  
  97  7:09  Supply Depot, SCV, Barracks  
  97  7:10  Supply Depot x2  
  94  7:19  SCV  
  94  7:22  Marine, SCV  
  96  7:23  Marine x2  
  96  7:25  SCV  
  96  7:27  Marine  
  101  7:31  Siege Tank, SCV  
  101  7:32  Medivac x2  
  101  7:34  SCV  
  111  7:37  SCV  
  111  7:40  Marine x2  
  111  7:42  Marine  
  111  7:43  SCV  
  111  7:45  Marine  
  111  7:46  SCV  
  111  7:49  SCV  
  102  7:55  SCV  
  102  7:56  Marine  
  102  7:58  Marine x2, SCV  
  94  8:00  Marine  
  94  8:01  SCV  
  94  8:06  Marine  
  94  8:07  SCV  
  94  8:10  SCV  
  91  8:13  SCV  
  91  8:14  Marine  
  91  8:16  Marine x2  
  91  8:18  Marine  
  91  8:19  SCV  
  97  8:22  SCV  
  97  8:25  Missile Turret, SCV  
  97  8:26  Missile Turret, Concussive Shells  
  96  8:30  Marine  
  96  8:31  Marine, SCV  
  96  8:34  Marine x2, SCV  
  94  8:36  Marine  
  94  8:38  SCV  
  94  8:41  Siege Tank  
  95  8:43  SCV  
  95  8:46  SCV  
  97  8:48  Marine  
  97  8:49  Marine  
  97  8:50  SCV  
  97  8:52  Marine x2  
  97  8:53  Medivac x2  
  97  8:54  Marine  
  106  8:55  SCV  
  106  8:58  SCV  
  106  9:02  SCV  
  109  9:06  Marine  
  109  9:08  SCV  
  109  9:09  Marine, Barracks Reactor  
  109  9:10  Marine, SCV  
  109  9:11  Marine  
  109  9:12  Missile Turret  
  109  9:14  SCV  
  109  9:15  Refinery x2, Bunker  
  109  9:16  Barracks Reactor  
  112  9:20  SCV  
  112  9:23  Medivac x2, SCV  
  112  9:24  Marine  
  110  9:25  Siege Tank  
  110  9:26  SCV  
  110  9:30  Marauder, Marine x2  
  111  9:32  SCV  
  111  9:33  Armory  
  111  9:35  SCV  
  111  9:38  SCV  
  111  9:42  Marauder  
  111  9:44  SCV  
  100  9:47  SCV  
  100  9:48  Marine  
  100  9:50  SCV  
  100  9:51  Marauder  
  93  9:53  Medivac  
  93  9:56  SCV  
  93  9:58  Orbital Command  
  93  9:59  SCV  
  93  10:02  Marine x2  
  93  10:04  Marauder  
  93  10:05  Marine  
  95  10:08  Marine, SCV  
  95  10:11  SCV  
  95  10:13  Marine  
  95  10:15  Marine, Marauder  
  95  10:18  Missile Turret  
  95  10:20  SCV  
  98  10:23  SCV  
  98  10:27  Marine x2, Marauder  
  99  10:29  SCV  
  99  10:33  SCV  
  99  10:35  SCV  
  99  10:41  Marine, Marauder, SCV  
  101  10:45  SCV  
  101  10:46  Marine  
  101  10:47  SCV  
  101  10:48  Marauder  
  101  10:53  SCV  
  102  10:57  Supply Depot, SCV  
  102  10:59  SCV  
  102  11:02  Marine x4, Missile Turret  
  102  11:03  Marauder  
  109  11:05  SCV  
  110  11:12  Refinery  
  110  11:14  Marine x2, Marauder  
  110  11:17  SCV x2  
  110  11:18  SCV  
  117  11:22  Refinery  
  117  11:25  Marine x3  
  117  11:26  Marine, Marauder  
  117  11:28  Liberator  
  117  11:29  SCV  
  117  11:31  SCV x2  
  117  11:32  Marine x2  
  128  11:34  Siege Tank  
  128  11:35  Marine  
  132  11:42  Supply Depot  
  132  11:43  Supply Depot, Orbital Command  
  135  11:49  Marine x2, Marauder  
  135  11:53  Marine x2, Marauder  
  133  11:58  Marine  
  119  12:06  Siege Tank  
  119  12:08  SCV  
  115  12:11  Marauder, SCV  
  118  12:18  SCV  
  118  12:20  Marauder, SCV  
  118  12:30  SCV  
  118  12:31  Marine  
  118  12:32  Marauder  
Show
View Real Time Build Order
Export as new Build Order

BlyOnFire Zerg 

Build Orders: Hatch First, Roach Nydus 

Get SALT Encoding   

  12  0:01  Drone  
  13  0:12  Overlord  
  13  0:16  Drone  
  14  0:30  Drone x2  
  16  0:49  Hatchery  
  15  0:51  Drone  
  15  0:54  Drone  
  17  0:57  Drone  
  18  1:10  Extractor  
  17  1:13  Spawning Pool  
  17  1:16  Drone  
  17  1:19  Drone  
  18  1:27  Drone  
  19  1:38  Drone  
  20  1:50  Overlord  
  20  2:01  Queen x2  
  20  2:02  Zergling x4  
  26  2:10  Drone  
  26  2:11  Drone  
  26  2:14  Metabolic Boost  
  28  2:21  Extractor  
  27  2:23  Drone x2  
  29  2:31  Drone  
  29  2:35  Overlord  
  29  2:36  Queen  
  30  2:42  Extractor  
  32  2:45  Drone x2  
  33  3:03  Drone x2  
  34  3:06  Lair  
  34  3:11  Drone x7  
  41  3:22  Overlord  
  41  3:24  Extractor, Queen  
  41  3:26  Extractor  
  41  3:28  Drone  
  41  3:29  Drone  
  43  3:35  Drone  
  43  3:40  Overlord  
  44  3:46  Zergling x6  
  47  3:51  Drone x4  
  47  3:52  Drone  
  52  3:58  Overlord  
  52  4:00  Queen  
  54  4:05  Roach Warren  
  53  4:19  Nydus Network  
  52  4:27  Drone x2  
  54  4:31  Zergling x4  
  54  4:37  Hatchery  
  55  4:47  Roach x6  
  67  5:04  Nydus Canal  
  67  5:10  Overlord x3  
  67  5:11  Glial Reconstitution, Ravager, Overlord  
  67  5:25  Nydus Canal  
  55  5:34  Queen x2  
  59  5:40  Nydus Canal  
  59  5:43  Drone x6  
  59  5:45  Extractor, Drone x2  
  66  5:59  Nydus Canal  
  57  6:08  Roach x6  
  63  6:19  Drone  
  63  6:20  Overlord  
  63  6:22  Queen  
  63  6:25  Nydus Canal  
  66  6:26  Drone  
  66  6:27  Drone x3  
  66  6:32  Overseer  
  70  6:34  Tunneling Claws  
  70  6:35  Burrow  
  70  6:37  Roach x3  
  70  6:39  Overseer  
  76  6:43  Roach x5  
  76  6:44  Overlord  
  86  6:48  Ravager x2  
  86  6:49  Ravager  
  89  6:56  Overseer  
  89  6:57  Nydus Canal  
  89  7:04  Overseer, Roach x5  
  89  7:05  Overlord  
  96  7:20  Nydus Canal  
  96  7:22  Roach x3  
  104  7:26  Queen x2  
  105  7:31  Ravager x2  
  99  7:54  Roach x12  
  115  8:01  Roach  
  115  8:02  Roach x6  
  113  8:11  Nydus Canal  
  113  8:14  Zergling x12, Ravager  
  120  8:23  Overseer  
  106  8:30  Roach x3  
  101  8:36  Nydus Canal, Roach  
  101  8:37  Roach x4  
  111  8:46  Roach  
  111  8:47  Queen x2, Roach  
  117  8:53  Nydus Canal  
  111  8:56  Roach x8  
  111  9:01  Roach x5  
  118  9:11  Overlord x2  
  118  9:13  Overseer, Overlord  
  118  9:17  Nydus Canal  
  118  9:18  Overlord x2  
  118  9:20  Overlord  
  116  9:24  Overlord  
  114  9:37  Roach x5  
  112  9:39  Ravager  
  112  9:42  Overlord  
  112  9:43  Nydus Canal  
  101  9:48  Roach x4  
  101  9:49  Overseer, Queen x3  
  103  10:01  Nydus Canal  
  103  10:03  Roach x4  
  103  10:04  Roach x4  
  103  10:06  Roach  
  108  10:13  Roach x7  
  117  10:18  Roach x3  
  117  10:21  Nydus Canal, Roach x6  
  123  10:25  Queen  
  129  10:28  Roach x3  
  121  10:37  Roach  
  111  10:45  Roach x3  
  111  10:46  Roach x5  
  126  10:56  Nydus Canal, Evolution Chamber  
  117  11:10  Hatchery  
  116  11:11  Nydus Canal  
  116  11:12  Roach x5  
  126  11:18  Queen  
  126  11:19  Queen  
  130  11:26  Extractor, Nydus Canal  
  129  11:45  Nydus Canal  
  123  11:56  Roach x12  
  123  12:00  Roach x4  
  108  12:08  Roach x5  
  94  12:16  Overseer  
  80  12:23  Roach x2  
Tags
 
Add a new tag
Caveats
  • Supply blocks, unpowered buildings, or Contaminate may cause inaccurate times.
  • Supply counts are checked every 10 seconds.